 Dungeon Crawl Stone Soup version 0.22.1-6-g1668fe2 (webtiles) character file.

708 Kairos the Chopper (level 7, -9/37 HPs)
             Began as a Vine Stalker Fighter on Jan 16, 2019.
             Mangled by an ice beast (13 damage)
             ... on level 5 of the Dungeon.
             The game lasted 00:07:59 (2934 turns).

Kairos the Chopper (Vine Stalker Fighter)           Turns: 2934, Time: 00:07:59

Health: -9/37      AC:  8    Str: 25    XL:     7   Next: 67%
Magic:  0/8        EV:  8    Int:  8    God:
Gold:   136        SH: 16    Dex: 14    Spells: 6/6 levels left

rFire    . . .     SeeInvis .   j - +4 hand axe
rCold    . . .     Gourm    .   c - +1 shield
rNeg     . . .     Faith    .   b - +0 scale mail
rPois    .         Spirit   +   m - +2 hat
rElec    .         Reflect  +   (no cloak)
rCorr    .         Harm     .   (no gloves)
MR       +....                  (no boots)
Stlth    ..........             k - +5 amulet of reflection
HPRegen  0.52/turn              i - ring of protection from magic
MPRegen  0.11/turn              (no ring)

@: mighty
A: fangs 2, regeneration 1, magic shield, antimagic bite, no potion heal 3, rot
immunity
a: no special abilities


You were on level 5 of the Dungeon.
You were hungry.

You visited 1 branch of the dungeon, and saw 5 of its levels.

You collected 136 gold pieces.

Inventory:

Hand Weapons
 a - a +0 war axe
 j - a +4 hand axe (weapon)
Armour
 b - a +0 scale mail (worn)
 c - a +1 shield (worn)
 m - a +2 hat (worn)
Jewellery
 i - a ring of protection from magic (left hand)
 k - a +5 amulet of reflection (around neck)
 u - an uncursed amulet of rage
Wands
 r - a wand of iceblast (6)
Scrolls
 g - 5 scrolls of immolation
 n - 3 scrolls of remove curse
 o - a scroll of teleportation
 v - a scroll of fog
 w - a scroll of amnesia
Potions
 d - a potion of might
 e - 3 potions of brilliance
 h - 2 potions of agility {unknown}
 l - a potion of degeneration {unknown}
 s - a potion of flight {unknown}
 x - a potion of magic {unknown}
 z - a potion of mutation {unknown}
Comestibles
 f - 10 rations


   Skills:
 + Level 4.0 Fighting
 + Level 5.2 Axes
 + Level 3.4 Armour
 + Level 0.9 Dodging
 + Level 1.0 Stealth
 + Level 4.2 Shields


You had 6 spell levels left.
You didn't know any spells.
Your spell library was empty.

Dungeon Overview and Level Annotations

Branches:
Dungeon (5/15)
 Temple: D:4-7

Altars:
Cheibriados
Dithmenos
Fedhas
Kikubaaqudgha
Makhleb
Nemelex Xobeh
Qazlal
Uskayaw
Yredelemnul


Innate Abilities, Weirdness & Mutations

You have extremely sharp teeth.
Your natural rate of healing is unusually fast.
When hurt, damage is shared between your health and your magic reserves.
Your bite disrupts and absorbs the magic of your enemies.
Potions cannot restore your health.
You are immune to rotting.


Message History

The ice beast is lightly wounded.
The ice beast hits you. The ice beast freezes you!
You hit the ice beast but do no damage.
The ice beast is lightly wounded.
You block the ice beast's attack.
You slash the ice beast!
You bite the ice beast, but do no damage.
The ice beast is heavily wounded.
The ice beast hits you but does no damage.
The ice beast hits you. The ice beast freezes you!
* * * LOW HITPOINT WARNING * * *
Unknown command.
You feel very mighty all of a sudden. You block the ice beast's attack.
You closely miss the ice beast. Your bite misses the ice beast.
The ice beast is heavily wounded.
The ice beast hits you.
* * * LOW HITPOINT WARNING * * *
The ice beast freezes you!
You die...

,,,,,,*#####....####***
,,,,,,,$........>..,,,*
*,,,,***.........#***,*
**,,,,*#.###.....# *,*
,***,,,#.....Z<..# *,*
,,,,,,*#......O#Z# *,******
,,,,,,*#.......#O# *,,,,,,*
,,,,,,,........#Y# ******,*
,,,,,,,........#@# *,*
,,,,,,,..!.#####.# *,*
*****,,....* #.# *,* **
*,,...,* #.# *,* ,* ********
#.#********,* ,******
******#..,,,,,,,*,*
,**,*,****,,,,*#..******,*,*
,,**,***,,,,,*,#..**,,,*,*,*
8,,,*,,,,,,,****,,**,*,*,*,*


You could see an ice beast, an ogre and a worker ant zombie.

Vanquished Creatures
  2 ogres (D:4)
  A scorpion (D:4)
  2 hounds (D:5)
  An orc priest (D:3)
  Natasha (thrice) (D:4)
  Terence (D:3)
  An orc wizard (D:3)
  2 worker ants (D:4)
  Robin (D:2)
  3 adders (D:2)
  2 oozes
  2 worms
  2 dart slugs
  5 leopard geckos
  7 orcs
  3 giant cockroaches
  19 goblins
  6 hobgoblins
  A jackal (D:2)
  11 kobolds
  3 quokkas
  A ball python (D:1)
  8 bats
  3 frilled lizards
  6 rats
96 creatures vanquished.

Vanquished Creatures (others)
  A centaur (D:4)
1 creature vanquished.

Grand Total: 97 creatures vanquished

Notes
Turn   | Place    | Note
-------+----------+-------------------------------------------
     0 | D:1      | Kairos the Vine Stalker Fighter began the quest for the
                  | Orb.
     0 | D:1      | Reached XP level 1. HP: 11/11 MP: 2/2
   158 | D:1      | Reached XP level 2. HP: 16/16 MP: 3/3
   329 | D:1      | Reached skill level 2 in Axes
   612 | D:1      | Reached XP level 3. HP: 20/20 MP: 4/4
  1168 | D:2      | Gained mutation: Your natural rate of healing is unusually
                  | fast. [Vine Stalker growth]
  1168 | D:2      | Reached XP level 4. HP: 20/24 MP: 5/5
  1227 | D:2      | Found a hide-covered altar of Uskayaw.
  1398 | D:2      | Found a stormy altar of Qazlal.
  1465 | D:2      | Noticed Robin
  1473 | D:2      | Killed Robin
  1532 | D:2      | Reached skill level 3 in Axes
  1744 | D:3      | Reached XP level 5. HP: 25/28 MP: 4/6
  1807 | D:3      | Noticed Terence
  1821 | D:3      | Killed Terence
  2272 | D:4      | Reached XP level 6. HP: 30/33 MP: 7/7
  2285 | D:4      | Reached skill level 4 in Axes
  2294 | D:4      | Found a blossoming altar of Fedhas.
  2352 | D:4      | Found a burning altar of Makhleb.
  2354 | D:4      | Found a shadowy altar of Dithmenos.
  2355 | D:4      | Found a snail-covered altar of Cheibriados.
  2355 | D:4      | Found a sparkling altar of Nemelex Xobeh.
  2356 | D:4      | Found a basalt altar of Yredelemnul.
  2356 | D:4      | Found an ancient bone altar of Kikubaaqudgha.
  2419 | D:4      | Noticed Natasha
  2423 | D:4      | Killed Natasha
  2524 | D:4      | Reached skill level 1 in Stealth
  2524 | D:4      | Reached XP level 7. HP: 37/37 MP: 8/8
  2617 | D:4      | Noticed Natasha
  2623 | D:4      | Killed Natasha
  2821 | D:4      | Noticed Natasha
  2829 | D:4      | Killed Natasha
  2829 | D:4      | Reached skill level 5 in Axes
  2899 | D:5      | Entered Level 5 of the Dungeon
  2934 | D:5      | Mangled by an ice beast

Skill      XL: |  1  2  3  4  5  6  7 |
---------------+----------------------+-----
Axes           | 2 3 4 5 |  5.2
Fighting       | 3 4 |  4.0
Shields        | 3 4 |  4.2
Armour         | 3 |  3.4
Stealth        | 1 |  1.0
Dodging        | |  0.9

Action                   |  1- 3 |  4- 6 |  7- 9 || total
-------------------------+-------+-------+-------++-------
Melee: War axe           |    55 |       |       ||    55
       Bite              |    14 |    33 |    10 ||    57
       Hand axe          |    24 |   131 |    42 ||   197
  Use: Scroll            |       |       |     8 ||     8
       Potion            |       |       |     1 ||     1
  Eat: Chunk             |       |     5 |     1 ||     6
Armor: Scale mail        |    36 |    30 |     8 ||    74
Dodge: Dodged            |    36 |    25 |     9 ||    70
Block: Shield            |    41 |    87 |    25 ||   153
       Reflection        |       |     6 |       ||     6
